 Dungeon Crawl Stone Soup version 0.31-a0-145-g046c7d2549 (webtiles) character file.

Game seed: 17171991025167674257

11 jasper the Firebug (level 2, -2/15 HPs)
             Began as a Deep Elf Fire Elementalist on June 6, 2023.
             Slain by a kobold
             ... wielding a +0 short sword
              (3 damage)
             ... on level 1 of the Dungeon.
             The game lasted 00:00:59 (330 turns).

jasper the Firebug (Deep Elf Fire Elementalist)      Turns: 330, Time: 00:00:59

Health: -2/15      AC:  3    Str:  5    XL:     2   Next: 17%
Magic:  0/8        EV: 11    Int: 19    God:
Gold:   4          SH:  0    Dex: 15    Spells: 6/7 levels left

rFire   . . .        j - +2 short sword (elec)
rCold   . . .        (no shield)
rNeg    . . .        i - +0 leather armour
rPois   .            (no helmet)
rElec   .            (no cloak)
rCorr   .            (no gloves)
SInv    .            (no boots)
Will    .....        (no amulet)
Stlth   ++           (no ring)
HPRegen 0.22/turn    (no ring)
MPRegen 0.11/turn

%: no passive effects
@: brilliant
A: no striking features
a: no special abilities


You were on level 1 of the Dungeon.
You visited 1 branch of the dungeon, and saw 1 of its levels.

You collected 4 gold pieces.

Inventory:

Hand Weapons
 d - a +0 dagger
 f - a +0 short sword
 j - a +2 short sword of electrocution (weapon)
Armour
 a - a +0 robe
 g - a +0 scale mail
 i - a +0 leather armour (worn)
Scrolls
 c - a scroll of identify {unknown}
 e - a scroll of noise {unknown}
Potions
 b - a potion of magic


   Skills:
 - Level 2.4 Dodging
 - Level 2.4 Stealth
 - Level 3.0 Spellcasting
 + Level 1.9 Conjurations
 + Level 3.7 Fire Magic


You had 6 spell levels left.
You knew the following spells:

 Your Spells              Type           Power      Damage    Failure   Level
a - Foxfire               Conj/Fire      80%        2x1d8     8%          1

Your spell library contained the following spells:

 Spells                   Type           Power      Damage    Failure   Level
 Scorch                   Fire           50%        2d7       9%          2
 Freeze                   Ice            16%        1d4       26%         1
 Inner Flame              Hex/Fire       14%        N/A       34%         3
 Volatile Blastmotes      Fire/Tloc      28%        2d12      34%         3
 Hailstorm                Conj/Ice       9%         3d4       45%         3
 Frozen Ramparts          Ice            8%         1d2       58%         3
 Flame Wave               Conj/Fire      20%        2d7       61%         4


Dungeon Overview and Level Annotations

Branches:
Dungeon (1/15)

Altars:


Message History

Press: ? - help, Q - select action Dir - look around, f - activate You conjure some foxfire!
The endoplasm quivers.
The hobgoblin hits you.
The foxfire hits the kobold but does no damage.
You take 3 damage, and have 8/15 hp.
You now have 0/8 mp.
The kobold attacks as you move away! The kobold closely misses you.
The foxfire hits the hobgoblin.
The hobgoblin is severely wounded.
The hobgoblin attacks as you move away!
The hobgoblin hits you but does no damage.
The hobgoblin attacks as you move away! The hobgoblin hits you.
You take 1 damage, and have 7/15 hp.
You hit the hobgoblin.
You kill the hobgoblin!
You barely miss the kobold. The kobold barely misses you.
You hit the kobold but do no damage.
The kobold hits you with a +0 short sword.
You take 1 damage, and have 6/15 hp.
You barely miss the kobold.
The kobold hits you with a +0 short sword.
You take 1 damage, and have 5/15 hp.
You hit the kobold.
The kobold is moderately wounded.
The kobold misses you.
You barely miss the kobold.
The kobold is moderately wounded.
The kobold hits you with a +0 short sword.
* * * LOW HITPOINT WARNING * * *
You take 3 damage, and have 3/15 hp.
It was a potion of brilliance.
You feel clever all of a sudden.
The kobold hits you with a +0 short sword.
* * * LOW HITPOINT WARNING * * *
You take 2 damage, and have 1/15 hp.
Casting: Foxfire (safe; 8% risk of failure)
Press: ? - help, Q - select action Dir - look around, f - activate You feel a surge of power!
You conjure some foxfire!
The kobold hits you with a +0 short sword.
You die...

##. #.. #.# ..
#.# .. ##.## .
... # #. #v# .
#. #@# # #. #K#
#.##K######..
#..BSr.......
##..J.J...... #
# #...........
#.#
#......!....
##.####
####...........
#......#
#.)).....?.....


You could see an endoplasm, a giant cockroach, a ball python, 2 kobolds and a
rat.

Vanquished Creatures
  An endoplasm (D:1)
  3 goblins (D:1)
  2 hobgoblins (D:1)
  A bat (D:1)
  3 kobolds (D:1)
  A rat (D:1)
11 creatures vanquished.

Vanquished Creatures (others)
  31 foxfires (D:1)
31 creatures vanquished.

Grand Total: 42 creatures vanquished

Notes
Turn   | Place    | Note
-------+----------+-------------------------------------------
     0 | D:1      | jasper the Deep Elf Fire Elementalist began the quest for
                  | the Orb.
     0 | D:1      | Reached XP level 1. HP: 10/10 MP: 6/6
   305 | D:1      | Reached XP level 2. HP: 15/15 MP: 1/8
   330 | D:1      | Slain by a kobold

Illustrated notes

Levels and vault maps discovered:
D:1:      shiori_arrival_oz, layout_rooms, nicolae_ecumenical_snake_handling

Action                     || total
---------------------------++-------
  Melee: Unarmed           ||     1
         Punch             ||     1
         Short sword       ||     8
   Cast: Foxfire           ||    23
    Use: Potion            ||     1
 Armour: Leather armour    ||     2
  Dodge: Dodged            ||     8

Table legend: (Time is in decaauts)
 A = Elapsed time spent in this place.
 B = Non-inter-level travel time spent in this place.
 C = Inter-level travel time spent in this place.
 D = Time resting spent in this place.
 E = Time spent auto-exploring this place.
 F = Levels seen in this place.
 G = Mean time per level.
                   A        B        C        D        E       F      G
               +--------+--------+--------+--------+--------+-----+--------+
         Total |    328 |    328 |      0 |      0 |    227 |   1 |  328.0 |
       Dungeon |    328 |    328 |      0 |      0 |    227 |   1 |  328.0 |
               +--------+--------+--------+--------+--------+-----+--------+

Top non-repeatable levels by time:
     D:1: 328 daAuts
